 Dungeon Crawl Stone Soup version 0.21-a0-496-g696f58f (webtiles) character file.

424 theanonym the Chopper (level 6, -4/57 HPs)
             Began as a Hill Orc Fighter on Nov 23, 2017.
             Was an Initiate of Beogh.
             Killed from afar by Dowan (11 damage)
             ... with a stone arrow
             ... on level 4 of the Dungeon.
             The game lasted 00:03:41 (2484 turns).

theanonym the Chopper (Hill Orc Fighter)            Turns: 2484, Time: 00:03:42

Health: -4/57      AC: 12    Str: 21    XL:     6   Next: 96%
Magic:  6/6        EV:  3    Int:  8    God:    Beogh [......]
Gold:   212        SH:  9    Dex: 10    Spells: 5/5 levels left

rFire    . . .     SeeInvis .   a - +0 war axe
rCold    . . .     Gourm    .   c - +0 shield
rNeg     . . .     Faith    .   s - +1 plate armour {MR+}
rPois    .         Spirit   .   (no helmet)
rElec    .         Reflect  .   (no cloak)
rCorr    .         Harm     .   (no gloves)
MR       +....                  (no boots)
Stlth    ..........             (no amulet)
HPRegen  0.19/turn              B - +3 ring of slaying
MPRegen  0.10/turn              (no ring)

@: flying, very slightly contaminated, invisible
A: no striking features
a: Renounce Religion


   Skills:
 + Level 5.9 Fighting
 * Level 7.9 Axes
 - Level 3.2 Armour
 - Level 3.2 Shields


You had 5 spell levels left.
You didn't know any spells.

Skill      XL: |  1  2  3  4  5  6 |
---------------+-------------------+-----
Axes           | 3 4 5 6 7 |  7.9
Fighting       | 4 5 |  5.9
Armour         | |  3.2
Shields        | |  3.2

Action                   |  1- 3 |  4- 6 || total
-------------------------+-------+-------++-------
Melee: War axe           |   110 |   137 ||   247
Invok: Convert to Beogh  |       |     1 ||     1
Evoke: Wand              |       |     2 ||     2
  Use: Potion            |       |     5 ||     5
  Eat: Chunk             |     2 |     3 ||     5
Armor: Scale mail        |    26 |       ||    26
       Plate armour      |    31 |   106 ||   137
Dodge: Dodged            |    28 |    13 ||    41
Block: Shield            |    61 |    54 ||   115

Inventory:

Hand Weapons
 a - a +0 war axe (weapon)
Missiles
 w - 6 tomahawks (quivered)
Armour
 b - a +0 scale mail
 c - a +0 shield (worn)
 d - a +2 helmet
   (You took it off Robin on level 3 of the Dungeon)
 s - a +1 plate armour of magic resistance (worn)
   (You found it on level 2 of the Dungeon)
 z - a cursed +0 cloak
   (You took it off Crazy Yiuf on level 3 of the Dungeon)
Jewellery
 k - an uncursed amulet of magic regeneration {unknown}
   (You found it on level 1 of the Dungeon)
 B - a +3 ring of slaying (left hand)
   (You found it on level 3 of the Dungeon)
 E - an uncursed ring of protection from fire {unknown}
   (You found it on level 4 of the Dungeon)
Wands
 y - a wand of random effects (19)
   (You took it off Ijyb on level 3 of the Dungeon)
Scrolls
 g - 4 scrolls of identify {unknown}
 j - 2 scrolls of immolation {unknown}
 l - 2 scrolls of remove curse {unknown}
 m - a scroll of blinking {unknown}
 o - 2 scrolls of teleportation {unknown}
 p - 2 scrolls of magic mapping {unknown}
 r - a scroll of amnesia {unknown}
 t - a scroll of random uselessness {unknown}
 u - 2 scrolls of enchant armour {unknown}
 x - 2 scrolls of fog {unknown}
Potions
 e - a potion of curing
 n - a potion of magic
 q - a potion of flight
 v - a potion of invisibility
 A - a potion of lignification {unknown}
Comestibles
 f - 4 bread rations
 h - 7 fruits
 i - 2 royal jellies
 C - 5 chunks of flesh
 D - 2 meat rations

Dungeon Overview and Level Annotations

Branches:
Dungeon (4/15)
 Temple: D:4-7

Altars:
Hepliaklqana

Annotations:
D:4 Dowan


You were on level 4 of the Dungeon.
You worshipped Beogh.
Beogh was noncommittal.
You were hungry.

You visited 1 branch of the dungeon, and saw 4 of its levels.

You collected 212 gold pieces.


Message History

You hit Duvessa but do no damage. You hit the worker ant.
You block the worker ant's attack. Duvessa hits you with a short sword.
You take 2 damage, and have 50/56 hp.
You closely miss Duvessa.
You hit the worker ant but do no damage.
You block Duvessa's attack. The worker ant bites you.
You are poisoned.
The worker ant poisons you!
You take 3 damage, and have 47/56 hp.
You closely miss Duvessa. You slash the worker ant!
You kill the worker ant!
Beogh accepts your kill.
You feel sick. Duvessa hits you but does no damage.
You closely miss Duvessa.
You feel sick. Duvessa hits you with a short sword.
Duvessa hits you but does no damage.
You take 2 damage, and have 46/57 hp.
You slash Duvessa!
You feel sick.
The leopard gecko hisses menacingly.
Duvessa hits you but does no damage.
You take 1 damage, and have 45/57 hp.
Your shield and plate armour prevent you from hitting Duvessa.
You feel sick. Duvessa hits you with a short sword.
You take 4 damage, and have 41/57 hp.
You slash Duvessa! You block Duvessa's attack.
Dowan mumbles some strange words.
Dowan blinks!
Duvessa hits you but does no damage.
You slash Duvessa!
You feel sick. Duvessa hits you with a short sword.
You take 7 damage, and have 35/57 hp.
Your shield and plate armour prevent you from hitting Duvessa.
Duvessa hits you with a short sword.
You take 3 damage, and have 32/57 hp.
You hit Duvessa but do no damage.
You feel sick. Duvessa hits you with a short sword.
You take 3 damage, and have 29/57 hp.
Your shield and plate armour prevent you from hitting Duvessa.
Duvessa barely misses you.
The leopard gecko hisses menacingly.
You block Duvessa's attack.
You hit Duvessa.
You kill Duvessa!
Beogh accepts your kill.
Dowan's eyes darken. "You have made a black mistake."
Dowan seems to find hidden reserves of power!
You feel sick. Dowan completely misses you.
Your shield and plate armour prevent you from hitting Dowan.
You block Dowan's attack. Dowan gestures at you while chanting.
The shard of ice hits you!
* * * LOW HITPOINT WARNING * * *
You take 14 damage, and have 15/57 hp.
MASSIVE DAMAGE!!
Okay, then.
Unknown command.
You closely miss Dowan.
You feel sick. Dowan hits you but does no damage. x2
You take 1 damage, and have 14/57 hp.
It was a potion of magic.
Magic courses through your body. Dowan hits you but does no damage.
You miss Dowan. Dowan hits you but does no damage. x2
It was a potion of curing.
You feel better. Dowan completely misses you.
Dowan mumbles some strange words.
Dowan blinks!
You regained 10 hp, and now have 25/57 hp.
A leopard gecko is nearby!
The leopard gecko bites you but does no damage.
You slash the leopard gecko!
You kill the leopard gecko!
Beogh accepts your kill. Dowan hits you but does no damage.
Your plate armour prevents you from hitting Dowan.
Dowan hits you but does no damage. x2
You hit Dowan but do no damage. You block Dowan's attack.
Dowan hits you but does no damage.
You miss Dowan. Dowan hits you but does no damage. x2
You hit Dowan.
You are feeling hungry.
Dowan hits you but does no damage.
You closely miss Dowan. Dowan hits you but does no damage.
Dowan casts a spell at you. The stone arrow hits you!
* * * LOW HITPOINT WARNING * * *
You take 11 damage, and have 16/57 hp.
It was a potion of flight.
You feel very buoyant.
You fly up into the air.
Dowan hits you but does no damage. x2
It was a potion of invisibility.
You fade into invisibility!
Dowan hits you but does no damage.
You are very lightly contaminated with residual magic.
You miss Dowan. Dowan hits you with a dagger.
* * * LOW HITPOINT WARNING * * *
Dowan barely misses you.
You take 2 damage, and have 14/57 hp.
You barely miss Dowan. Dowan hits you but does no damage.
Dowan barely misses you.
You hit Dowan.
Dowan points at you and mumbles some strange words.
The stone arrow hits you!
* * * LOW HITPOINT WARNING * * *
Dowan points at you and mumbles some strange words.
The stone arrow hits you!
You die...

#....# ###.##.#
####...##.#
#....####.#######
#.#### #.......#
#.# ##......#
##.# #......#
#..# #.......
#####@## #......#
#..)e.# #......#
......####
#......# .....
#.....<# ....
#...(..# ...
######## ##


You could see Dowan.

Notes
Turn   | Place    | Note
-------+----------+-------------------------------------------
     0 | D:1      | theanonym the Hill Orc Fighter began the quest for the Orb.
     0 | D:1      | Reached XP level 1. HP: 19/19 MP: 1/1
   103 | D:1      | Reached skill level 3 in Axes
   179 | D:1      | Reached XP level 2. HP: 27/27 MP: 2/2
   458 | D:1      | Reached skill level 4 in Fighting
   586 | D:1      | Reached skill level 4 in Axes
   649 | D:1      | Reached XP level 3. HP: 28/33 MP: 3/3
  1351 | D:3      | Noticed Robin
  1354 | D:3      | Reached XP level 4. HP: 38/41 MP: 4/4
  1358 | D:3      | Reached skill level 5 in Axes
  1362 | D:3      | Killed Robin
  1531 | D:3      | Found a faded altar of an unknown god.
  1559 | D:3      | Reached XP level 5. HP: 39/47 MP: 5/5
  1819 | D:3      | Noticed Jessica
  1827 | D:3      | Killed Jessica
  1827 | D:3      | Reached skill level 5 in Fighting
  1827 | D:3      | Reached skill level 6 in Axes
  1866 | D:3      | Became a worshipper of Beogh the Brigand
  1909 | D:3      | Noticed Ijyb
  1925 | D:3      | Killed Ijyb
  2203 | D:3      | Found a runed door.
  2207 | D:3      | Noticed Crazy Yiuf
  2215 | D:3      | Killed Crazy Yiuf
  2215 | D:3      | Reached XP level 6. HP: 48/56 MP: 6/6
  2310 | D:4      | Reached skill level 7 in Axes
  2330 | D:4      | Found a hazy altar of Hepliaklqana.
  2447 | D:4      | Noticed Dowan
  2448 | D:4      | Noticed Duvessa
  2464 | D:4      | Killed Duvessa
  2465 | D:4      | HP: 15/57 [Dowan/shard of ice (14)]
  2479 | D:4      | HP: 16/57 [Dowan/stone arrow (11)]
  2484 | D:4      | HP: 7/57 [Dowan/stone arrow (8)]
  2484 | D:4      | Killed from afar by Dowan

Vanquished Creatures
  Duvessa (D:4)
  A howler monkey (D:4)
  A hound (D:3)
  Crazy Yiuf (D:3)
  Jessica (D:3)
  A worker ant (D:4)
  Ijyb (D:3)
  A hound skeleton (D:4)
  Robin (D:3)
  5 adders
  A worm (D:4)
  3 dart slugs (D:1)
  3 leopard geckos
  11 orcs
  A giant cockroach (D:1)
  12 goblins
  10 hobgoblins
  A quokka (D:3)
  A ball python skeleton (D:4)
  3 bats
  8 frilled lizards
  9 kobolds
  A leopard gecko skeleton (D:4)
  5 rats
83 creatures vanquished.
